Workbook
Name Esquadrias_Externas: #REF!
Name Percentuais: #REF!
Name CPT: #REF!
Name Regime: #REF!
Name Tarefas: #REF!
Name CPT: #REF!
Name Externa: #REF!
Name Percentuais: #REF!
Name Regime: #REF!
Name Interna: #REF!
Name Fachada_Envidraçada: #REF!
Name Área_Médico_Hospitalar: #REF!

Sheet OPERADOR DE MÁQUINA
A1: MODELO DE PLANILHA DE CUSTOS E FORMAÇÃO DO PREÇO
A2: EMPRESA: | B2: =MOTORISTA!B2 -> NIVISA SOLUÇÕES AMBIENTAIS
A3: Licitação nº: | B3: =MOTORISTA!B3 -> 147/2024 | D3: =MOTORISTA!D3 -> Dia 14/02/2025 às09:00 horas
A4: OBJETO DA LICITAÇÃO: | B4: =MOTORISTA!B4 -> Contratação emergencial de equipes para prestação de serviços terceirizados de Motorista categoria C, Operador de Retroescavadeira e Auxiliar Operacional com fornecimento de veículos e equipamentos, para atividades de Limpeza Urbana no município de Pinhais.
A5: Data apresentação Proposta | B5: =MOTORISTA!B5 -> 45702
A6: =MOTORISTA!A6 -> Regime Tributário da Empresa: LUCRO REAL
A7: =MOTORISTA!A7 -> Valor do Enquadramento: _____________________ ( da receita bruta acumulada nos 12 (doze) meses anteriores ao período de apuração para fins de determinação da alíquota, conforme art. 18 da LC 123/206)
A8: DISCRIMINAÇÃO DOS SERVIÇOS - DADOS REFERENTES À CONTRATAÇÃO
A9: Tipo de Serviço | D9: OPERADOR DE MÁQUINA
A10: Unidade de Medida | D10: EQUIPES
A11: Número de Meses da execucao contratual | D11: 12
A12: Categoria Profissional | D12: SINTRAPAV
A13: Data base da categoria | D13: 45444
A14: Valor do salário normativo da Categoria | D14: 2868.43
A16: MÓDULO 1: COMPOSIÇÃO DA REMUNERAÇÃO
A17: CATEGORIA DO EMPREGADO: | B17: OPERADOR DE MÁQUINA - 40 HORAS SEMANAIS
A19: REMUNERAÇÃO | B19: % | C19: VALOR | D19: FUNDAMENTO LEGAL/MEMÓRIA DE CÁLCULO
A20: Salário Base | C20: =D14/44*40 -> 2607.6636 | D20: CONFORME CCT DA CATEGORIA
A21: Adicional de Risco | C21: 0 | D21: CONFORME CCT DA CATEGORIA
A22: Adicional Noturno | C22: 0 | D22: CONFORME CCT DA CATEGORIA
A23: Hora Noturna Reduzida | C23: 0 | D23: CONFORME CCT DA CATEGORIA
A24: Adicional Periculosidade | C24: 0 | D24: CONFORME CCT DA CATEGORIA
A25: Adicional Insalubridade | C25: =B25*$C$20 -> 0 | D25: CONFORME CCT DA CATEGORIA
A26: Adicional de Horas Extras | C26: =B26*$C$20 -> 0 | D26: CONFORME CCT DA CATEGORIA
A27: Intervalo Intrajornada | C27: =B27*$C$20 -> 0 | D27: CONFORME CCT DA CATEGORIA
A28: Outros (Especificar) | C28: =B28*$C$20 -> 0 | D28: CONFORME CCT DA CATEGORIA
A29: TOTAL DA REMUNERAÇÃO | B29: =SUM(B20:B28) -> 0 | C29: =SUM(C20:C28) -> 2607.6636
A31: MÓDULO 2: BENEFÍCIOS MENSAIS E DIÁRIOS
A32: OBS: O valor informado deverá ser o custo real do insumo, descontado o valor eventualmente pago pelo empregado.
A33: BENEFÍCIOS | B33: % s/REMUN | C33: VALOR | D33: OBSERVAÇÕES/ FUNDAMENTO LEGAL/MEMÓRIA DE CÁLCULO
A34: Vale-transporte | C34: =(6*2*22)-(C29*6%) -> 107.54018 | D34: Lei 7.418/95; VT R$ 6,00 | I34: dias úteis | J34: =366-52-52-7 -> 255 | K34: =J34/12 -> 21.25
A35: Auxílio alimentação/Cesta Básica | C35: 520 | D35: SINTRAPAV, CLÁUSULA DÉCIMA QUARTA, P QUARTO | E35: Jurisprudência do TST (Orientação Jurisprudencial nº 55 SDI-1)
A36: Assistência Médica | C36: 81 | D36: SIEMACO CCT PREPONDERANTE DA EMPRESA
A37: Benefício Social e Familiar | C37: 26 | D37: SIEMACO CCT PREPONDERANTE DA EMPRESA
A38: Fundo de Formação Profssional | C38: 26 | D38: SIEMACO CCT PREPONDERANTE DA EMPRESA
A39: Desjejum | C39: 160 | D39: SIEMACO CCT PREPONDERANTE DA EMPRESA
A40: - outros | C40: 0 | D40: CONFORME CCT DA CATEGORIA
A41: TOTAL DOS BENEFÍCIOS | B41: =SUM(B34:B40) -> 0 | C41: =SUM(C34:C40) -> 920.54018
A43: MÓDULO 3: INSUMOS DIVERSOS
A44: BENEFÍCIOS | B44: % s/REMUN | C44: VALOR | D44: OBSERVAÇÕES/ FUNDAMENTO LEGAL/MEMÓRIA DE CÁLCULO
A45: Uniforme/EPI | C45: =E180 -> 118.33 | D45: Inclui todos os itens que compõe o uniforme e EPI, que é fornecido gratuitamente ao empregado. Sugere-se pesquisa de preços.
A46: Materiais | C46: =E189 -> 0 | D46: Composição na tabela em anexo.
A47: Outros
A48: TOTAL DOS INSUMOS | B48: =SUM(B45:B47) -> 0 | C48: =SUM(C45:C47) -> 118.33
A50: MÓDULO 4: ENCARGOS SOCIAIS E TRABALHISTAS
A52: OPÇÃO ENCARGOS SOCIAIS : GERAL OU SIMPLES
A53: ESCOLHER OPÇÃO DO TIPO DE EMPRESA : "GERAL" | D53: GERAL
A55: SUBMÓDULO 4.1 Encargos Previdenciários e FGTS
A56: Rubrica: | B56: % | C56: VALOR | D56: OBSERVAÇÕES/ FUNDAMENTO LEGAL/MEMÓRIA DE CÁLCULO
A57: INSS | B57: 0.05 | C57: =B57*$C$29 -> 130.38318 | D57: Folha de pagamento desonerada
A58: SESI/SESC | B58: 0.015 | C58: =B58*$C$29 -> 39.114955 | D58: Fundamento Legal: art. 30 da Lei 8.036/90. Portanto, igual a 1,5% sobre o total da remuneração
A59: INCRA | B59: 0.002 | C59: =B59*$C$29 -> 5.2153273 | D59: Fundamento Legal: Decreto Lei nº 1.146/70. Portanto 0,2% sobre o total da remuneração
A60: SENAI/SENAC | B60: 0.01 | C60: =B60*$C$29 -> 26.076636 | D60: Fundamento Legal: Decreto nº 2.318/86. Portanto, 1% sobre o total da remuneração
A61: Salário Educação | B61: 0.025 | C61: =B61*$C$29 -> 65.191591 | D61: Fundamento Legal: Art. 3º, inciso I, do Decreto nº 87.043/82. Portanto, 2,5% sobre o total da remuneração
A62: R.A.T. (RAT_____ x FAP ________) | B62: 0.03 | C62: =B62*$C$29 -> 78.229909 | D62: Fundamento Legal: Art. 22, inciso II, da Lei 8.212/91 e Decreto nº 3048, de 6/5/99, anexo V, alterado pelo Decreto 6042 de 12/2/07.
A63: FGTS | B63: 0.08 | C63: =B63*$C$29 -> 208.61309 | D63: Fundamento Legal: Art. 15 da Lei. 8036/90 e art 7º, inciso III, da Constituição Federal de 05/10/88.Portanto, 8,0% sobre a remuneração.
A64: SEBRAE | B64: 0.006 | C64: =B64*$C$29 -> 15.645982 | D64: Fundamento Legal: Art. 8º da Lei 8.029/910, alterada pela Lei nº 8.154/90. Portanto, 0,6% sobre o total da remuneração
A65: - outros | C65: =B65*$C$29 -> 0
A66: - outros | B66: 0 | C66: =B66*$C$29 -> 0
A67: outros | B67: 0 | C67: =B67*$C$29 -> 0
A68: TOTAL DO GRUPO 4.1 | B68: =SUM(B57:B67) -> 0.218 | C68: =SUM(C57:C67) -> 568.47067 | D68: Soma de todos os Encargos Sociais do Grupo 4.1
A70: SUBMÓDULO 4.2: 13º SALÁRIO
A71: Rubrica: | B71: % | C71: VALOR | D71: OBSERVAÇÕES/ FUNDAMENTO LEGAL/MEMÓRIA DE CÁLCULO
A73: B) 13º salario | B73: 0.0833 | C73: =B73*$C$29 -> 217.21838
A74: Subtotal | B74: =B72+B73 -> 0.0833 | C74: =B74*$C$29 -> 217.21838
A75: C)Incid. do 4.1 sobre 13º Sal | B75: 0.03065 | C75: =B75*$C$29 -> 79.92489
A76: TOTAL DO GRUPO 4.2 | B76: =B74+B75 -> 0.11395 | C76: =C74+C75 -> 297.14327
A78: SUBMÓDULO 4.3: AFASTAMENTO MATERNIDADE
A79: Rubrica: | B79: % | C79: VALOR | D79: OBSERVAÇÕES/ FUNDAMENTO LEGAL/MEMÓRIA DE CÁLCULO
A80: A) Licença Maternidade | B80: 0.0003 | C80: =B80*$C$29 -> 0.78229909
A81: B) Incid. do 4.1 sobre Afast Matern | B81: 0.00011 | C81: =B81*$C$29 -> 0.286843
A82: TOTAL DO GRUPO 4.3 | B82: =B80+B81 -> 0.00041 | C82: =SUM(C80:C81) -> 1.0691421
A84: SUBMÓDULO 4.4: PROVISÃO PARA RESCISÃO
A85: Rubrica: | B85: % | C85: VALOR | D85: OBSERVAÇÕES/ FUNDAMENTO LEGAL/MEMÓRIA DE CÁLCULO
A86: A) Aviso Prévio Indenizado | B86: 0.0042 | C86: =B86*$C$29 -> 10.952187
A87: B) FGTS s/ Av Pr Inden | B87: 0.00034 | C87: =B87*$C$29 -> 0.88660564 | D87: De acordo com retificação, publicada no DOU de 1/04/11,
D88: da PN 07/11, a incidência do FGTS passa a ser sobre o API
D89: conforme cálculo: 8% x 0,42% = 0,03%
A90: C) Multa do FGTS s/ AP Ind | B90: =B87*50% -> 0.00017 | C90: =B90*$C$29 -> 0.44330282
C91: =B91*$C$29 -> 0
A92: D) Aviso Previo Trabalhado | B92: 0.0004 | C92: =B92*$C$29 -> 1.0430655
A93: Aviso Prévio Final contrato | B93: 0.0194 | C93: =B93*$C$29 -> 50.588675
A94: E) Incid 4.1 s/ Av Pr. Trab. | B94: 0.00729 | C94: =B94*$C$29 -> 19.009868
A95: F) Multa do FGTS | B95: 0.05 | C95: =B95*$C$29 -> 130.38318
A96: G) Indenização Adicional | B96: 0.0008 | C96: =B96*$C$29 -> 2.0861309
A97: TOTAL DO GRUPO 4.4 | B97: =SUM(B86:B96) -> 0.0826 | C97: =SUM(C86:C96) -> 215.39302
A99: SUBMÓDULO 4.5: CUSTO DE REPOSIÇÃO DE PROFISSIONAL AUSENTE
A100: Rubrica: | B100: % | C100: VALOR | D100: OBSERVAÇÕES/ FUNDAMENTO LEGAL/MEMÓRIA DE CÁLCULO
A101: A) Férias | B101: 0.1111 | C101: =B101*$C$29 -> 289.71143
A102: B) Ausência por Doença | B102: 0.0139 | C102: =B102*$C$29 -> 36.246525
A103: C) Licença Paternidade | B103: 0.0002 | C103: =B103*$C$29 -> 0.52153273
A104: D) Ausências legais | B104: 0.0028 | C104: =B104*$C$29 -> 7.3014582
A105: E) Ausência por Acidente do Trabalho | B105: 0.0003 | C105: =B105*$C$29 -> 0.78229909
A106: F) OUTROS | C106: =B106*$C$29 -> 0
A107: SUBTOTAL | B107: =SUM(B101:B106) -> 0.1283 | C107: =SUM(C101:C106) -> 334.56324
A108: G) Incid. 4.1 s/ custo rep prof ausente | B108: =B107*B68 -> 0.0279694 | C108: =B108*$C$29 -> 72.934787
A109: TOTAL DO GRUPO 4.5 | B109: =B107+B108 -> 0.1562694 | C109: =C108+C107 -> 407.49803
A111: QUADRO RESUMO MÓDULO 4: ENCARGOS SOCIAIS E TRABALHISTAS
A113: RESUMO 4 | B113: % | C113: VALOR | D113: OBSERVAÇÕES/ FUNDAMENTO LEGAL/MEMÓRIA DE CÁLCULO
A114: 4.1. Encargos Previdenc e FGTS | B114: =B68 -> 0.218 | C114: =C68 -> 568.47067
...

Sheet MOTORISTA
A1: MODELO DE PLANILHA DE CUSTOS E FORMAÇÃO DO PREÇO
A2: EMPRESA: | B2: NIVISA SOLUÇÕES AMBIENTAIS
A3: Licitação nº: | B3: 147/2024 | D3: Dia 14/02/2025 às09:00 horas
A4: OBJETO DA LICITAÇÃO: | B4: Contratação emergencial de equipes para prestação de serviços terceirizados de Motorista categoria C, Operador de Retroescavadeira e Auxiliar Operacional com fornecimento de veículos e equipamentos, para atividades de Limpeza Urbana no município de Pinhais.
A5: Data apresentação Proposta | B5: 45702
A6: Regime Tributário da Empresa: LUCRO REAL
A7: Valor do Enquadramento: _____________________ ( da receita bruta acumulada nos 12 (doze) meses anteriores ao período de apuração para fins de determinação da alíquota, conforme art. 18 da LC 123/206)
A8: DISCRIMINAÇÃO DOS SERVIÇOS - DADOS REFERENTES À CONTRATAÇÃO
A9: Tipo de Serviço | D9: MOTORISTA CATEGORIA "C"
A10: Unidade de Medida | D10: EQUIPES
A11: Número de Meses da execucao contratual | D11: 3
A12: Categoria Profissional | D12: SINTRACARP
A13: Data base da categoria | D13: 45413
A14: Valor do salário normativo da Categoria | D14: 2234
A16: MÓDULO 1: COMPOSIÇÃO DA REMUNERAÇÃO
A17: CATEGORIA DO EMPREGADO: | B17: MOTORISTA CATEGORIA "C" - 40 HORAS SEMANAIS
A19: REMUNERAÇÃO | B19: % | C19: VALOR | D19: FUNDAMENTO LEGAL/MEMÓRIA DE CÁLCULO
A20: Salário Base | C20: =2234/220*200 -> 2030.9091 | D20: SINTRACARP
A21: Adicional de Risco | C21: 0 | D21: CONFORME CCT DA CATEGORIA
A22: Adicional Noturno | C22: 0 | D22: CONFORME CCT DA CATEGORIA
A23: Hora Noturna Reduzida | C23: 0 | D23: CONFORME CCT DA CATEGORIA
A24: Adicional Periculosidade | C24: 0 | D24: CONFORME CCT DA CATEGORIA
A25: Adicional Insalubridade | C25: =B25*$C$20 -> 0 | D25: CONFORME CCT DA CATEGORIA
A26: Adicional de Horas Extras | C26: =B26*$C$20 -> 0 | D26: CONFORME CCT DA CATEGORIA
A27: Intervalo Intrajornada | C27: =B27*$C$20 -> 0 | D27: CONFORME CCT DA CATEGORIA
A28: Outros (Especificar) | C28: =B28*$C$20 -> 0 | D28: CONFORME CCT DA CATEGORIA
A29: TOTAL DA REMUNERAÇÃO | B29: =SUM(B20:B28) -> 0 | C29: =SUM(C20:C28) -> 2030.9091
A31: MÓDULO 2: BENEFÍCIOS MENSAIS E DIÁRIOS
A32: OBS: O valor informado deverá ser o custo real do insumo, descontado o valor eventualmente pago pelo empregado.
A33: BENEFÍCIOS | B33: % s/REMUN | C33: VALOR | D33: OBSERVAÇÕES/ FUNDAMENTO LEGAL/MEMÓRIA DE CÁLCULO
A34: Vale-transporte | C34: =(6*2*22)-(C29*6%) -> 142.14545 | D34: Lei 7.418/95; VT R$ 6,00 | I34: dias úteis | J34: =366-52-52-7 -> 255 | K34: =J34/12 -> 21.25
A35: Auxílio alimentação/Cesta Básica | C35: =560 -> 560 | D35: Conforme CCT preponderante da empresa (Siemaco) | E35: Jurisprudência do TST (Orientação Jurisprudencial nº 55 SDI-1)
A36: Assistência Médica | C36: 81 | D36: Conforme CCT preponderante da empresa (Siemaco)
A37: Benefício Social e Familiar | C37: 26 | D37: Conforme CCT preponderante da empresa (Siemaco)
A38: Fundo de Formação Profssional | C38: 26 | D38: Conforme CCT preponderante da empresa (Siemaco)
A39: Desjejum | C39: 160 | D39: Conforme CCT preponderante da empresa (Siemaco)
A40: - outros
A41: TOTAL DOS BENEFÍCIOS | B41: =SUM(B34:B40) -> 0 | C41: =SUM(C34:C40) -> 995.14545
A43: MÓDULO 3: INSUMOS DIVERSOS
A44: BENEFÍCIOS | B44: % s/REMUN | C44: VALOR | D44: OBSERVAÇÕES/ FUNDAMENTO LEGAL/MEMÓRIA DE CÁLCULO
A45: Uniforme/EPI | C45: =E179 -> 114.33333 | D45: Inclui todos os itens que compõe o uniforme e EPI, que é fornecido gratuitamente ao empregado. Sugere-se pesquisa de preços.
A46: Materiais | C46: =E188 -> 94.156667 | D46: Composição na tabela em anexo.
A47: Outros
A48: TOTAL DOS INSUMOS | B48: =SUM(B45:B47) -> 0 | C48: =SUM(C45:C47) -> 208.49
A50: MÓDULO 4: ENCARGOS SOCIAIS E TRABALHISTAS
A52: OPÇÃO ENCARGOS SOCIAIS : GERAL OU SIMPLES
A53: ESCOLHER OPÇÃO DO TIPO DE EMPRESA : "GERAL" | D53: GERAL
A55: SUBMÓDULO 4.1 Encargos Previdenciários e FGTS
A56: Rubrica: | B56: % | C56: VALOR | D56: OBSERVAÇÕES/ FUNDAMENTO LEGAL/MEMÓRIA DE CÁLCULO
A57: INSS | B57: 0.05 | C57: =B57*$C$29 -> 101.54545 | D57: Folha de pagamento desonerada
A58: SESI/SESC | B58: 0.015 | C58: =B58*$C$29 -> 30.463636 | D58: Fundamento Legal: art. 30 da Lei 8.036/90. Portanto, igual a 1,5% sobre o total da remuneração
A59: INCRA | B59: 0.002 | C59: =B59*$C$29 -> 4.0618182 | D59: Fundamento Legal: Decreto Lei nº 1.146/70. Portanto 0,2% sobre o total da remuneração
A60: SENAI/SENAC | B60: 0.01 | C60: =B60*$C$29 -> 20.309091 | D60: Fundamento Legal: Decreto nº 2.318/86. Portanto, 1% sobre o total da remuneração
A61: Salário Educação | B61: 0.025 | C61: =B61*$C$29 -> 50.772727 | D61: Fundamento Legal: Art. 3º, inciso I, do Decreto nº 87.043/82. Portanto, 2,5% sobre o total da remuneração
A62: R.A.T. (RAT_____ x FAP ________) | B62: 0.03 | C62: =B62*$C$29 -> 60.927273 | D62: Fundamento Legal: Art. 22, inciso II, da Lei 8.212/91 e Decreto nº 3048, de 6/5/99, anexo V, alterado pelo Decreto 6042 de 12/2/07.
A63: FGTS | B63: 0.08 | C63: =B63*$C$29 -> 162.47273 | D63: Fundamento Legal: Art. 15 da Lei. 8036/90 e art 7º, inciso III, da Constituição Federal de 05/10/88.Portanto, 8,0% sobre a remuneração.
A64: SEBRAE | B64: 0.006 | C64: =B64*$C$29 -> 12.185455 | D64: Fundamento Legal: Art. 8º da Lei 8.029/910, alterada pela Lei nº 8.154/90. Portanto, 0,6% sobre o total da remuneração
A65: - outros | C65: =B65*$C$29 -> 0
A66: - outros | B66: 0 | C66: =B66*$C$29 -> 0
A67: outros | B67: 0 | C67: =B67*$C$29 -> 0
A68: TOTAL DO GRUPO 4.1 | B68: =SUM(B57:B67) -> 0.218 | C68: =SUM(C57:C67) -> 442.73818 | D68: Soma de todos os Encargos Sociais do Grupo 4.1
A70: SUBMÓDULO 4.2: 13º SALÁRIO
A71: Rubrica: | B71: % | C71: VALOR | D71: OBSERVAÇÕES/ FUNDAMENTO LEGAL/MEMÓRIA DE CÁLCULO
A73: B) 13º salario | B73: 0.0833 | C73: =B73*$C$29 -> 169.17473
A74: Subtotal | B74: =B72+B73 -> 0.0833 | C74: =B74*$C$29 -> 169.17473
A75: C)Incid. do 4.1 sobre 13º Sal | B75: 0.03065 | C75: =B75*$C$29 -> 62.247364
A76: TOTAL DO GRUPO 4.2 | B76: =B74+B75 -> 0.11395 | C76: =C74+C75 -> 231.42209
A78: SUBMÓDULO 4.3: AFASTAMENTO MATERNIDADE
A79: Rubrica: | B79: % | C79: VALOR | D79: OBSERVAÇÕES/ FUNDAMENTO LEGAL/MEMÓRIA DE CÁLCULO
A80: A) Licença Maternidade | B80: 0.0003 | C80: =B80*$C$29 -> 0.60927273
A81: B) Incid. do 4.1 sobre Afast Matern | B81: 0.00011 | C81: =B81*$C$29 -> 0.2234
A82: TOTAL DO GRUPO 4.3 | B82: =B80+B81 -> 0.00041 | C82: =SUM(C80:C81) -> 0.83267273
A84: SUBMÓDULO 4.4: PROVISÃO PARA RESCISÃO
A85: Rubrica: | B85: % | C85: VALOR | D85: OBSERVAÇÕES/ FUNDAMENTO LEGAL/MEMÓRIA DE CÁLCULO
A86: A) Aviso Prévio Indenizado | B86: 0.0042 | C86: =B86*$C$29 -> 8.5298182
A87: B) FGTS s/ Av Pr Inden | B87: 0.00034 | C87: =B87*$C$29 -> 0.69050909 | D87: De acordo com retificação, publicada no DOU de 1/04/11,
D88: da PN 07/11, a incidência do FGTS passa a ser sobre o API
D89: conforme cálculo: 8% x 0,42% = 0,03%
A90: C) Multa do FGTS s/ AP Ind | B90: =B87*50% -> 0.00017 | C90: =B90*$C$29 -> 0.34525455
C91: =B91*$C$29 -> 0
A92: D) Aviso Previo Trabalhado | B92: 0.0004 | C92: =B92*$C$29 -> 0.81236364
A93: Aviso Prévio Final contrato | B93: 0.0194 | C93: =B93*$C$29 -> 39.399636
A94: E) Incid 4.1 s/ Av Pr. Trab. | B94: 0.00729 | C94: =B94*$C$29 -> 14.805327
A95: F) Multa do FGTS | B95: 0.05 | C95: =B95*$C$29 -> 101.54545
A96: G) Indenização Adicional | B96: 0.0008 | C96: =B96*$C$29 -> 1.6247273
A97: TOTAL DO GRUPO 4.4 | B97: =SUM(B86:B96) -> 0.0826 | C97: =SUM(C86:C96) -> 167.75309
A99: SUBMÓDULO 4.5: CUSTO DE REPOSIÇÃO DE PROFISSIONAL AUSENTE
A100: Rubrica: | B100: % | C100: VALOR | D100: OBSERVAÇÕES/ FUNDAMENTO LEGAL/MEMÓRIA DE CÁLCULO
A101: A) Férias | B101: 0.1111 | C101: =B101*$C$29 -> 225.634
A102: B) Ausência por Doença | B102: 0.0139 | C102: =B102*$C$29 -> 28.229636
A103: C) Licença Paternidade | B103: 0.0002 | C103: =B103*$C$29 -> 0.40618182
A104: D) Ausências legais | B104: 0.0028 | C104: =B104*$C$29 -> 5.6865455
A105: E) Ausência por Acidente do Trabalho | B105: 0.0003 | C105: =B105*$C$29 -> 0.60927273
A106: F) OUTROS | C106: =B106*$C$29 -> 0
A107: SUBTOTAL | B107: =SUM(B101:B106) -> 0.1283 | C107: =SUM(C101:C106) -> 260.56564
A108: G) Incid. 4.1 s/ custo rep prof ausente | B108: =B107*B68 -> 0.0279694 | C108: =B108*$C$29 -> 56.803309
A109: TOTAL DO GRUPO 4.5 | B109: =B107+B108 -> 0.1562694 | C109: =C108+C107 -> 317.36895
A111: QUADRO RESUMO MÓDULO 4: ENCARGOS SOCIAIS E TRABALHISTAS
A113: RESUMO 4 | B113: % | C113: VALOR | D113: OBSERVAÇÕES/ FUNDAMENTO LEGAL/MEMÓRIA DE CÁLCULO
A114: 4.1. Encargos Previdenc e FGTS | B114: =B68 -> 0.218 | C114: =C68 -> 442.73818
...

Sheet AUXILIAR OPERACIONAL
A1: MODELO DE PLANILHA DE CUSTOS E FORMAÇÃO DO PREÇO
A2: EMPRESA: | B2: =MOTORISTA!B2 -> NIVISA SOLUÇÕES AMBIENTAIS
A3: Licitação nº: | B3: =MOTORISTA!B3 -> 147/2024 | D3: =MOTORISTA!D3 -> Dia 14/02/2025 às09:00 horas
A4: OBJETO DA LICITAÇÃO: | B4: =MOTORISTA!B4 -> Contratação emergencial de equipes para prestação de serviços terceirizados de Motorista categoria C, Operador de Retroescavadeira e Auxiliar Operacional com fornecimento de veículos e equipamentos, para atividades de Limpeza Urbana no município de Pinhais.
A5: Data apresentação Proposta | B5: =MOTORISTA!B5 -> 45702
A6: =MOTORISTA!A6 -> Regime Tributário da Empresa: LUCRO REAL
A7: =MOTORISTA!A7 -> Valor do Enquadramento: _____________________ ( da receita bruta acumulada nos 12 (doze) meses anteriores ao período de apuração para fins de determinação da alíquota, conforme art. 18 da LC 123/206)
A8: DISCRIMINAÇÃO DOS SERVIÇOS - DADOS REFERENTES À CONTRATAÇÃO
A9: Tipo de Serviço | D9: AUXILIAR OPERACIONAL
A10: Unidade de Medida | D10: EQUIPES
A11: Número de Meses da execucao contratual | D11: 12
A12: Categoria Profissional | D12: SIEMACO
A13: Data base da categoria | D13: 45689
A14: Valor do salário normativo da Categoria | D14: 1749
A16: MÓDULO 1: COMPOSIÇÃO DA REMUNERAÇÃO
A17: CATEGORIA DO EMPREGADO: | B17: AUXILIAR OPERACIONAL - 40 HORAS SEMANAIS
A19: REMUNERAÇÃO | B19: % | C19: VALOR | D19: FUNDAMENTO LEGAL/MEMÓRIA DE CÁLCULO
A20: Salário Base | C20: =D14/44*40 -> 1590 | D20: CONFORME CCT DA CATEGORIA
A21: Adicional de Risco | C21: 0 | D21: CONFORME CCT DA CATEGORIA
A22: Adicional Noturno | C22: 0 | D22: CONFORME CCT DA CATEGORIA
A23: Hora Noturna Reduzida | C23: 0 | D23: CONFORME CCT DA CATEGORIA
A24: Descanso Semanal Remunerado | C24: =SUM(C22:C23)*20% -> 0 | D24: CONFORME CCT DA CATEGORIA
A25: Adicional Periculosidade | C25: 0 | D25: CONFORME CCT DA CATEGORIA
A26: Adicional Insalubridade | B26: 0.4 | C26: =B26*1518/44*40 -> 552 | D26: CONFORME CCT DA CATEGORIA
A27: Feriado Trabalho | C27: 0 | D27: CONFORME CCT DA CATEGORIA
A28: Intervalo Intrajornada | C28: =B28*$C$20 -> 0 | D28: CONFORME CCT DA CATEGORIA
A29: Outros (Especificar) | C29: =B29*$C$20 -> 0 | D29: CONFORME CCT DA CATEGORIA
A30: TOTAL DA REMUNERAÇÃO | B30: =SUM(B20:B29) -> 0.4 | C30: =SUM(C20:C29) -> 2142
A32: MÓDULO 2: BENEFÍCIOS MENSAIS E DIÁRIOS
A33: OBS: O valor informado deverá ser o custo real do insumo, descontado o valor eventualmente pago pelo empregado.
A34: BENEFÍCIOS | B34: % s/REMUN | C34: VALOR | D34: OBSERVAÇÕES/ FUNDAMENTO LEGAL/MEMÓRIA DE CÁLCULO
A35: Vale-transporte | C35: =(6*2*22)-(C20*6%) -> 168.6 | D35: Lei 7.418/95; VT R$ 6,00 | I35: dias úteis | J35: =366-52-52-7 -> 255 | K35: =J35/12 -> 21.25
A36: Auxílio alimentação/Cesta Básica | C36: 560 | D36: SIEMACO CCT PREPONDERANTE DA EMPRESA
A37: Assistência Médica | C37: 81 | D37: SIEMACO CCT PREPONDERANTE DA EMPRESA
A38: Benefício Social e Familiar | C38: 26 | D38: SIEMACO CCT PREPONDERANTE DA EMPRESA
A39: Fundo de Formação Profssional | C39: 26 | D39: SIEMACO CCT PREPONDERANTE DA EMPRESA
A40: Desjejum | C40: 160 | D40: SIEMACO CCT PREPONDERANTE DA EMPRESA
A41: - outros | C41: 0 | D41: SIEMACO CCT PREPONDERANTE DA EMPRESA
A42: TOTAL DOS BENEFÍCIOS | B42: =SUM(B35:B41) -> 0 | C42: =SUM(C35:C41) -> 1021.6
A44: MÓDULO 3: INSUMOS DIVERSOS
A45: BENEFÍCIOS | B45: % s/REMUN | C45: VALOR | D45: OBSERVAÇÕES/ FUNDAMENTO LEGAL/MEMÓRIA DE CÁLCULO
A46: Uniforme/EPI | C46: =E182 -> 143.92667 | D46: Inclui todos os itens que compõe o uniforme e EPI, que é fornecido gratuitamente ao empregado. Sugere-se pesquisa de preços.
A47: Materiais | C47: =E193 -> 190.46667 | D47: Composição na tabela em anexo.
A48: Outros
A49: TOTAL DOS INSUMOS | B49: =SUM(B46:B48) -> 0 | C49: =SUM(C46:C48) -> 334.39333
A51: MÓDULO 4: ENCARGOS SOCIAIS E TRABALHISTAS
A53: OPÇÃO ENCARGOS SOCIAIS : GERAL OU SIMPLES
A54: ESCOLHER OPÇÃO DO TIPO DE EMPRESA : "GERAL" | D54: GERAL
A56: SUBMÓDULO 4.1 Encargos Previdenciários e FGTS
A57: Rubrica: | B57: % | C57: VALOR | D57: OBSERVAÇÕES/ FUNDAMENTO LEGAL/MEMÓRIA DE CÁLCULO
A58: INSS | B58: 0.05 | C58: =B58*$C$30 -> 107.1 | D58: Folha de pagamento desonerada
A59: SESI/SESC | B59: 0.015 | C59: =B59*$C$30 -> 32.13 | D59: Fundamento Legal: art. 30 da Lei 8.036/90. Portanto, igual a 1,5% sobre o total da remuneração
A60: INCRA | B60: 0.002 | C60: =B60*$C$30 -> 4.284 | D60: Fundamento Legal: Decreto Lei nº 1.146/70. Portanto 0,2% sobre o total da remuneração
A61: SENAI/SENAC | B61: 0.01 | C61: =B61*$C$30 -> 21.42 | D61: Fundamento Legal: Decreto nº 2.318/86. Portanto, 1% sobre o total da remuneração
A62: Salário Educação | B62: 0.025 | C62: =B62*$C$30 -> 53.55 | D62: Fundamento Legal: Art. 3º, inciso I, do Decreto nº 87.043/82. Portanto, 2,5% sobre o total da remuneração
A63: R.A.T. (RAT_____ x FAP ________) | B63: 0.03 | C63: =B63*$C$30 -> 64.26 | D63: Fundamento Legal: Art. 22, inciso II, da Lei 8.212/91 e Decreto nº 3048, de 6/5/99, anexo V, alterado pelo Decreto 6042 de 12/2/07.
A64: FGTS | B64: 0.08 | C64: =B64*$C$30 -> 171.36 | D64: Fundamento Legal: Art. 15 da Lei. 8036/90 e art 7º, inciso III, da Constituição Federal de 05/10/88.Portanto, 8,0% sobre a remuneração.
A65: SEBRAE | B65: 0.006 | C65: =B65*$C$30 -> 12.852 | D65: Fundamento Legal: Art. 8º da Lei 8.029/910, alterada pela Lei nº 8.154/90. Portanto, 0,6% sobre o total da remuneração
A66: - outros | C66: =B66*$C$30 -> 0
A67: - outros | B67: 0 | C67: =B67*$C$30 -> 0
A68: outros | B68: 0 | C68: =B68*$C$30 -> 0
A69: TOTAL DO GRUPO 4.1 | B69: =SUM(B58:B68) -> 0.218 | C69: =SUM(C58:C68) -> 466.956 | D69: Soma de todos os Encargos Sociais do Grupo 4.1
A71: SUBMÓDULO 4.2: 13º SALÁRIO
A72: Rubrica: | B72: % | C72: VALOR | D72: OBSERVAÇÕES/ FUNDAMENTO LEGAL/MEMÓRIA DE CÁLCULO
A74: B) 13º salario | B74: 0.0833 | C74: =B74*$C$30 -> 178.4286
A75: Subtotal | B75: =B73+B74 -> 0.0833 | C75: =B75*$C$30 -> 178.4286
A76: C)Incid. do 4.1 sobre 13º Sal | B76: 0.03065 | C76: =B76*$C$30 -> 65.6523
A77: TOTAL DO GRUPO 4.2 | B77: =B75+B76 -> 0.11395 | C77: =C75+C76 -> 244.0809
A79: SUBMÓDULO 4.3: AFASTAMENTO MATERNIDADE
A80: Rubrica: | B80: % | C80: VALOR | D80: OBSERVAÇÕES/ FUNDAMENTO LEGAL/MEMÓRIA DE CÁLCULO
A81: A) Licença Maternidade | B81: 0.0003 | C81: =B81*$C$30 -> 0.6426
A82: B) Incid. do 4.1 sobre Afast Matern | B82: 0.00011 | C82: =B82*$C$30 -> 0.23562
A83: TOTAL DO GRUPO 4.3 | B83: =B81+B82 -> 0.00041 | C83: =SUM(C81:C82) -> 0.87822
A85: SUBMÓDULO 4.4: PROVISÃO PARA RESCISÃO
A86: Rubrica: | B86: % | C86: VALOR | D86: OBSERVAÇÕES/ FUNDAMENTO LEGAL/MEMÓRIA DE CÁLCULO
A87: A) Aviso Prévio Indenizado | B87: 0.0042 | C87: =B87*$C$30 -> 8.9964
A88: B) FGTS s/ Av Pr Inden | B88: 0.00034 | C88: =B88*$C$30 -> 0.72828 | D88: De acordo com retificação, publicada no DOU de 1/04/11,
D89: da PN 07/11, a incidência do FGTS passa a ser sobre o API
D90: conforme cálculo: 8% x 0,42% = 0,03%
A91: C) Multa do FGTS s/ AP Ind | B91: =B88*50% -> 0.00017 | C91: =B91*$C$30 -> 0.36414
C92: =B92*$C$30 -> 0
A93: D) Aviso Previo Trabalhado | B93: 0.0004 | C93: =B93*$C$30 -> 0.8568
A94: Aviso Prévio Final contrato | B94: 0.0194 | C94: =B94*$C$30 -> 41.5548
A95: E) Incid 4.1 s/ Av Pr. Trab. | B95: 0.00729 | C95: =B95*$C$30 -> 15.61518
A96: F) Multa do FGTS | B96: 0.05 | C96: =B96*$C$30 -> 107.1
A97: G) Indenização Adicional | B97: 0.0008 | C97: =B97*$C$30 -> 1.7136
A98: TOTAL DO GRUPO 4.4 | B98: =SUM(B87:B97) -> 0.0826 | C98: =SUM(C87:C97) -> 176.9292
A100: SUBMÓDULO 4.5: CUSTO DE REPOSIÇÃO DE PROFISSIONAL AUSENTE
A101: Rubrica: | B101: % | C101: VALOR | D101: OBSERVAÇÕES/ FUNDAMENTO LEGAL/MEMÓRIA DE CÁLCULO
A102: A) Férias | B102: 0.1111 | C102: =B102*$C$30 -> 237.9762
A103: B) Ausência por Doença | B103: 0.0139 | C103: =B103*$C$30 -> 29.7738
A104: C) Licença Paternidade | B104: 0.0002 | C104: =B104*$C$30 -> 0.4284
A105: D) Ausências legais | B105: 0.0028 | C105: =B105*$C$30 -> 5.9976
A106: E) Ausência por Acidente do Trabalho | B106: 0.0003 | C106: =B106*$C$30 -> 0.6426
A107: F) OUTROS | C107: =B107*$C$30 -> 0
A108: SUBTOTAL | B108: =SUM(B102:B107) -> 0.1283 | C108: =SUM(C102:C107) -> 274.8186
A109: G) Incid. 4.1 s/ custo rep prof ausente | B109: =B108*B69 -> 0.0279694 | C109: =B109*$C$30 -> 59.910455
A110: TOTAL DO GRUPO 4.5 | B110: =B108+B109 -> 0.1562694 | C110: =C109+C108 -> 334.72905
A112: QUADRO RESUMO MÓDULO 4: ENCARGOS SOCIAIS E TRABALHISTAS
A114: RESUMO 4 | B114: % | C114: VALOR | D114: OBSERVAÇÕES/ FUNDAMENTO LEGAL/MEMÓRIA DE CÁLCULO
...

Sheet COMPOSIÇÃO EQUIPES
A1: MODELO DE PLANILHA DE CUSTOS E FORMAÇÃO DO PREÇO
A2: EMPRESA: | B2: =MOTORISTA!B2 -> NIVISA SOLUÇÕES AMBIENTAIS
A3: Licitação nº: | B3: =MOTORISTA!B3 -> 147/2024
A4: OBJETO DA LICITAÇÃO: | B4: =MOTORISTA!B4 -> Contratação emergencial de equipes para prestação de serviços terceirizados de Motorista categoria C, Operador de Retroescavadeira e Auxiliar Operacional com fornecimento de veículos e equipamentos, para atividades de Limpeza Urbana no município de Pinhais.
B6: Descritivo | C6: Cargos | D6: Valor Unitário | E6: Quantidade Mensal | F6: Valor Final Mensal
A7: Lote 1 | B7: Equipe para execução de serviços de limpeza urbana composta por operador com retroescavadeira, motorista com caminhão basculante e auxiliar operacional | C7: Operador com Retroescavadeira | D7: ='OPERADOR DE MÁQUINA'!D245 -> 13072.824 | E7: 3 | F7: =E7*D7 -> 39218.473
C8: Motorista com caminhão basculante | D8: =MOTORISTA!D260 -> 9433.3682 | E8: 3 | F8: =E8*D8 -> 28300.105
C9: Auxiliar Operacional | D9: ='AUXILIAR OPERACIONAL'!D163 -> 5544.9991 | E9: 3 | F9: =E9*D9 -> 16634.997
E10: Valor Total Mensal | F10: =SUM(F7:F9) -> 84153.574
B13: Descritivo | C13: Cargos | D13: Valor Unitário | E13: Quantidade Mensal | F13: Valor Final Mensal
A14: Lote 2 | B14: Equipe para execução de serviços de limpeza urbana composta por motorista com caminhão carroceria aberta e auxiliar operacional | C14: Motorista com caminhão carroceria aberta | D14: =MOTORISTA!D261 -> 9433.3682 | E14: 3 | F14: =E14*D14 -> 28300.105
C15: Auxiliar Operacional | D15: ='AUXILIAR OPERACIONAL'!D163 -> 5544.9991 | E15: 6 | F15: =E15*D15 -> 33269.994
E16: Valor Total Mensal | F16: =SUM(F14:F15) -> 61570.099
E19: Valor Total Mensal Lote 1 + Lote 2 | F19: =F10+F16 -> 145723.67

Sheet VALOR FINAL
A1: MODELO DE PLANILHA DE CUSTOS E FORMAÇÃO DO PREÇO
A2: EMPRESA: | B2: =MOTORISTA!B2 -> NIVISA SOLUÇÕES AMBIENTAIS
A3: Licitação nº: | B3: =MOTORISTA!B3 -> 147/2024
A4: OBJETO DA LICITAÇÃO: | B4: =MOTORISTA!B4 -> Contratação emergencial de equipes para prestação de serviços terceirizados de Motorista categoria C, Operador de Retroescavadeira e Auxiliar Operacional com fornecimento de veículos e equipamentos, para atividades de Limpeza Urbana no município de Pinhais.
A6: Lote 1
A7: Item | B7: CATSER | C7: Descritivo | D7: Unidade | E7: Quantidade Mensal | F7: Quantidade Total (12 meses) | G7: Valor Unitário por equipe | H7: Valor Mensal | I7: Valor Total
A8: 1 | C8: ='COMPOSIÇÃO EQUIPES'!B7 -> Equipe para execução de serviços de limpeza urbana composta por operador com retroescavadeira, motorista com caminhão basculante e auxiliar operacional | D8: Equipes | E8: 3 | F8: =12*E8 -> 36 | G8: ='COMPOSIÇÃO EQUIPES'!D7+'COMPOSIÇÃO EQUIPES'!D8+'COMPOSIÇÃO EQUIPES'!D9 -> 28051.191 | H8: =G8*E8 -> 84153.574 | I8: =G8*F8 -> 1009842.9
G9: 28826.73
A10: Lote 2
A11: Item | B11: CATSER | C11: Descritivo | D11: Unidade | E11: Quantidade Mensal | F11: Quantidade Total (12 meses) | G11: Valor Unitário por equipe | H11: Valor Mensal | I11: Valor Total
A12: 1 | C12: ='COMPOSIÇÃO EQUIPES'!B14 -> Equipe para execução de serviços de limpeza urbana composta por motorista com caminhão carroceria aberta e auxiliar operacional | D12: Equipes | E12: 3 | F12: =12*E12 -> 36 | G12: ='COMPOSIÇÃO EQUIPES'!D14+2*'COMPOSIÇÃO EQUIPES'!D15 -> 20523.366 | H12: =G12*E12 -> 61570.099 | I12: =G12*F12 -> 738841.19
G13: 20712.33
H14: Valor da Dispensa | I14: =I8+I12 -> 1748684.1
